 Dungeon Crawl Stone Soup version 0.18-a0-1121-gb454403 (webtiles) character file.

145 tof the Skirmisher (level 5, -4/48 HPs)
             Began as a Minotaur Fighter on Jan 18, 2016.
             Killed by nerve-wracking pain
             ... invoked by an orc priest
              (13 damage)
             ... on level 4 of the Dungeon.
             The game lasted 00:04:57 (2311 turns).

tof the Skirmisher (Minotaur Fighter)               Turns: 2311, Time: 00:04:57

Health: -4/48      AC:  7    Str: 20    XL:     5   Next: 6%
Magic:  4/4        EV:  7    Int:  5    God:
Gold:   73         SH:  9    Dex: 11    Spells: 0 memorised, 4 levels left

rFire  . . .     SeeInvis .     a - +0 flail
rCold  . . .     Gourm    .     b - +0 scale mail
rNeg   . . .     Faith    .     c - +0 shield
rPois  .         Spirit   .     i - +0 hat
rElec  .         Dismiss  .     (no cloak)
rCorr  .         Reflect  .     (no gloves)
SustAt .         Harm     .     (no boots)
MR     .....                    (no amulet)
Stlth  ..........               (no ring)
                                (no ring)

@: not resistant to hostile enchantments, extremely unstealthy
A: retaliatory headbutt, horns 2
a: no special abilities


You were on level 4 of the Dungeon.
You were hungry.

You visited 1 branch of the dungeon, and saw 4 of its levels.

You collected 73 gold pieces.

Inventory:

Hand Weapons
 a - a +0 flail (weapon)
Missiles
 l - 5 needles of slowing
Armour
 b - a +0 scale mail (worn)
 c - a +0 shield (worn)
 i - a +0 hat (worn)
Scrolls
 g - 3 scrolls of identify {unknown}
 n - a scroll of fog {unknown}
 p - a scroll of recharging {unknown}
 r - a scroll of teleportation {unknown}
 s - a scroll of enchant weapon {unknown}
 t - 2 scrolls of remove curse {unknown}
Potions
 d - a potion of might
 e - 2 potions of cure mutation {unknown}
 o - 2 potions of mutation {unknown}
 q - 2 potions of curing {unknown}
Comestibles
 f - a bread ration
 h - a beef jerky
 j - a royal jelly
 k - 2 meat rations


   Skills:
 * Level 5.1 Fighting
 * Level 4.4 Maces & Flails
 + Level 4.4 Armour
 - Level 3.6 Shields


You had 4 spell levels left.
You didn't know any spells.

Dungeon Overview and Level Annotations

Branches:
Dungeon (4/15)
 Temple: D:4-7

Altars:


Innate Abilities, Weirdness & Mutations

You reflexively headbutt those who attack you in melee.
You have a pair of horns on your head.


Message History

Found a stone staircase leading up.
Items here: ))) † a dagger; a mace; a dagger; an orc corpse You closely miss the orc priest.
The orc priest is moderately wounded.
The orc priest mumbles some strange prayers to Beogh against you.
Something smites you!
* * * LOW HITPOINT WARNING * * *
The orc wizard mumbles some strange words.
The orc wizard blinks!
You closely miss the orc priest.
The orc priest is moderately wounded.
The orc priest barely misses you.
The orc priest hits you but does no damage.
You closely miss the orc priest.
The orc priest is moderately wounded.
The jackal skeleton bites you but does no damage.
The orc priest invokes the aid of Beogh against you.
Pain shoots through your body!
You die...

. ..<
######.....
#..@o......
##.##Z......
####..#........
#..........####
#......###..#
#......# #.o.
#......# #...
######## .##


You could see an orc priest, an orc wizard and a jackal skeleton.

Vanquished Creatures
  Terence (D:2)
  4 adders (D:2)
  An ooze (D:2)
  5 worms
  2 giant geckos
  3 orcs (D:4)
  6 bats
  9 goblins
  5 hobgoblins
  4 jackals (D:2)
  9 kobolds
  4 giant newts
  9 rats
62 creatures vanquished.

Notes
Turn   | Place    | Note
--------------------------------------------------------------
     0 | D:1      | tof the Minotaur Fighter began the quest for the Orb.
     0 | D:1      | Reached XP level 1. HP: 19/19 MP: 0/0
   301 | D:1      | Reached XP level 2. HP: 27/27 MP: 1/1
  1064 | D:2      | Reached skill level 4 in Fighting
  1069 | D:2      | Reached XP level 3. HP: 29/33 MP: 2/2
  1222 | D:2      | Noticed Terence
  1231 | D:2      | Killed Terence
  1330 | D:2      | Reached XP level 4. HP: 38/41 MP: 3/3
  1731 | D:2      | Reached skill level 5 in Fighting
  2009 | D:3      | Reached XP level 5. HP: 16/48 MP: 4/4
  2288 | D:3      | You fall through a shaft!
  2311 | D:4      | Killed from afar by an orc priest

Vault maps used:
D:1:      roderic_crop_circles_arrival_small, corexii_corridor_pit
D:2:      kennysheep_the_goblin_king, uniq_terence
D:3:      lemuel_coloured_pillars_altar, first_bread, roderic_three_in_a_row
D:4:      nicolae_qazlal_eye_of_the_storm, interstate_on_off,
          minmay_misc_feat_tower

Action                   |  1- 3 |  4- 6 || total
-------------------------+-------+-------++-------
Melee: Flail             |    69 |    87 ||   156
  Eat: Chunk             |     1 |     3 ||     4
